 Dungeon Crawl Stone Soup version 0.28-a0-500-g121bc3e445 (webtiles) character file.

Game seed: 9806261221446766901

453 speeev33 the Vandal (level 6, -3/58 HPs)
             Began as a Minotaur Hunter on Sept 19, 2021.
             Slain by an ogre (18 damage)
             ... on level 4 of the Dungeon.
             The game lasted 00:04:43 (2636 turns).

speeev33 the Vandal (Minotaur Hunter)               Turns: 2636, Time: 00:04:44

Health: -3/58      AC:  5    Str: 19    XL:     6   Next: 75%
Magic:  5/5        EV: 11    Int:  8    God:
Gold:   167        SH:  0    Dex: 10    Spells: 5/5 levels left

rFire   . . .      SeeInvis .   b - +0 short sword
rCold   . . .      Faith    .   (no shield)
rNeg    . . .      Spirit   .   c - +0 leather armour
rPois   .          Reflect  .   (helmet restricted)
rElec   .          Harm     .   n - +0 cloak
rCorr   .          Rampage  .   j - +0 pair of gloves
Will    .....                   (no boots)
Stlth   +.........              (no amulet)
HPRegen 0.19/turn               (no ring)
MPRegen 0.09/turn               (no ring)

@: no status effects
A: horns 2, retaliatory headbutt
a: no special abilities


You were on level 4 of the Dungeon.
You visited 1 branch of the dungeon, and saw 4 of its levels.

You collected 167 gold pieces.

Inventory:

Hand Weapons
 a - a +1 hunting sling
 b - a +0 short sword (weapon)
Missiles
 d - 5 sling bullets
 e - 10 poisoned darts
 f - 15 javelins (quivered)
 k - a stone
Armour
 c - a +0 leather armour (worn)
 j - a +0 pair of gloves (worn)
 n - a +0 cloak (worn)
Scrolls
 l - 3 scrolls of fear
Potions
 g - a potion of curing
 h - a potion of attraction
 i - a potion of berserk rage {unknown}
 m - a potion of lignification {unknown}
 o - 2 potions of might {unknown}


   Skills:
 + Level 6.4 Fighting
 + Level 7.0 Slings
 - Level 2.1 Dodging
 - Level 0.7 Stealth


You had 5 spell levels left.
You didn't know any spells.
Your spell library contained the following spells:

 Spells                   Type           Power      Damage    Failure   Level
 Animate Skeleton         Necr           0%         N/A       45%         1
 Pain                     Necr           0%         1d4       45%         1
 Blink                    Tloc           N/A        N/A       61%         2
 Vampiric Draining        Necr           0%         2d6       83%         3
 Manifold Assault         Tloc           0%         N/A       100%        5
 Storm Form               Tmut/Air       0%         N/A       100%        7


Dungeon Overview and Level Annotations

Branches:
Dungeon (4/15)
 Temple: D:4-7

Altars:
Cheibriados
Gozag

Shops:
D:1 *


Innate Abilities, Weirdness & Mutations

You have a pair of horns on your head.
You reflexively headbutt those who attack you in melee.


Message History

You closely miss the hound. Your headbutt misses the hound.
The hound is severely wounded.
The hound closely misses you. The hound bites you.
* * * LOW HITPOINT WARNING * * *
You feel better. The hound closely misses you.
You hit the hound.
The hound is almost dead.
The hound misses you. The hound bites you.
* * * LOW HITPOINT WARNING * * *
You closely miss the hound.
The hound is almost dead.
The hound closely misses you.
You miss the hound.
The hound is almost dead.
The hound misses you. The hound bites you.
* * * LOW HITPOINT WARNING * * *
You hit the hound.
You kill the hound!
Your Slings skill increases to level 7!
f - 12 javelins (gained 1)
f - 15 javelins (gained 3)
A ball python comes into view.
You are too injured to fight recklessly!
You are too injured to fight recklessly!
You are too injured to fight recklessly!
The ball python hisses angrily.
An ogre comes into view. It is wielding a +0 giant spiked club.
You hit the ball python.
You kill the ball python!
You hit the ogre.
The ogre is moderately wounded.
The ogre barely misses you.
You hit the ogre. You headbutt the ogre.
The ogre is severely wounded.
The ogre hits you with a +0 giant spiked club!!
* * * LOW HITPOINT WARNING * * *
You hit the ogre but do no damage. You headbutt the ogre.
The ogre is severely wounded.
The ogre hits you with a +0 giant spiked club!!
You die...

#.# # #.# #
########.######
#..............
#.######.##.###
####...........#
...####...........#..#
..................#..#
#..####@##.###....#..#
.......O##.# #...(...#
#..###.<##.# #.#..#.##
###..##.###.#..#.#
#.......).........
#..............(....##
........########.####
##.#.##.# #.# #.#. #.#
#.


You could see an ogre.

Vanquished Creatures
  An ice beast (D:4)
  A scorpion (D:4)
  A vampire bat (D:3)
  A howler monkey (D:4)
  A hound (D:4)
  An orc priest (D:3)
  An orc wizard (D:3)
  An adder (D:3)
  A worm (D:3)
  3 fire bats (D:3)
  3 orcs (D:3)
  2 spectral bats (D:3)
  11 bats
  3 bat skeletons (D:3)
  A bat zombie (D:3)
  4 endoplasms
  A giant cockroach (D:4)
  4 hobgoblins
  2 jackals (D:3)
  3 quokkas
  6 ball pythons
  A bat simulacrum (D:3)
  2 frilled lizards
  5 goblins
  3 kobolds
  5 rats
68 creatures vanquished.

Notes
Turn   | Place    | Note
-------+----------+-------------------------------------------
     0 | D:1      | speeev33 the Minotaur Hunter began the quest for the Orb.
     0 | D:1      | Reached XP level 1. HP: 18/18 MP: 0/0
    45 | D:1      | Found Qufoushretwu's General Store.
   156 | D:1      | Reached XP level 2. HP: 25/25 MP: 1/1
   802 | D:2      | Found a faded altar of an unknown god.
  1326 | D:3      | Reached skill level 5 in Slings
  1326 | D:3      | Reached XP level 3. HP: 31/31 MP: 2/2
  1419 | D:3      | Found an opulent altar of Gozag.
  1447 | D:3      | Reached XP level 4. HP: 40/40 MP: 3/3
  1686 | D:3      | Reached XP level 5. HP: 37/46 MP: 4/4
  1759 | D:3      | Reached skill level 5 in Fighting
  1759 | D:3      | Reached skill level 6 in Slings
  2121 | D:3      | Found a snail-covered altar of Cheibriados.
  2309 | D:4      | Reached XP level 6. HP: 57/57 MP: 5/5
  2351 | D:4      | Noticed an ice beast
  2468 | D:4      | Killed an ice beast
  2490 | D:4      | HP: 1/58 [hound (2)]
  2498 | D:4      | HP: 1/58 [hound (3)]
  2504 | D:4      | Reached skill level 7 in Slings
  2636 | D:4      | Slain by an ogre

Illustrated notes

Levels and vault maps discovered:
D:1:      dpeg_arrival_short_road, layout_loops_ring, serial_shops, shop
D:2:      layout_basic, ebering_ecumenical_altar_webs, minmay_pentomino_v2
D:3:      layout_basic, general_overflow_altar, old_standard_altar,
          goddamned_bats
D:4:      layout_loops_ring, minmay_temple_entry_antechambers,
          chequers_serial_rivers_small_3

Skill      XL: |  1  2  3  4  5  6 |
---------------+-------------------+-----
Fighting       | 3 4 5 6 |  6.4
Slings         | 5 6 7 |  7.0
Dodging        | |  2.1
Stealth        | |  0.7

Action                   |  1- 3 |  4- 6 || total
-------------------------+-------+-------++-------
Melee: Short sword       |       |    67 ||    67
       Headbutt          |       |     9 ||     9
 Fire: Hunting sling     |   100 |    32 ||   132
Throw: Javelin           |       |     4 ||     4
  Use: Scroll            |     4 |       ||     4
       Potion            |       |     2 ||     2
 Stab: Sleeping          |       |     1 ||     1
Armor: Leather armour    |     4 |    56 ||    60
Dodge: Dodged            |     9 |    87 ||    96

Table legend: (Time is in decaauts)
 A = Elapsed time spent in this place.
 B = Non-inter-level travel time spent in this place.
 C = Inter-level travel time spent in this place.
 D = Time resting spent in this place.
 E = Time spent auto-exploring this place.
 F = Levels seen in this place.
 G = Mean time per level.
                   A        B        C        D        E       F      G
               +--------+--------+--------+--------+--------+-----+--------+
         Total |   2634 |   2571 |     63 |     93 |   1963 |   4 |  658.5 |
       Dungeon |   2634 |   2571 |     63 |     93 |   1963 |   4 |  658.5 |
               +--------+--------+--------+--------+--------+-----+--------+

Top non-repeatable levels by time:
     D:3: 1046 daAuts
     D:2: 625 daAuts
     D:1: 622 daAuts
     D:4: 340 daAuts
